Map: Bridgehead LE (Void)

Players

Beastyqt - Winner!

  • Race: Terran Terran
  • League: Diamond

Plurmorant

  • Race: Zerg Zerg
  • League: Master

Event: ASL Season 5 Prime League LOTV Beta

VOD

Have the link to the VOD?

Description

Time

  • Played on: Sept. 16, 2015, 10:47 p.m.
  • Length: 11:23
Show
View Real Time Build Order
Export as new Build Order

Beastyqt Terran - Winner!

Build Orders: MMM Bio 

Get SALT Encoding   

  12  0:01  SCV  
  13  0:13  SCV  
  14  0:18  Supply Depot  
  14  0:25  SCV  
  15  0:40  SCV  
  15  0:42  Barracks  
  16  0:46  Refinery  
  16  0:52  SCV  
  17  1:04  SCV  
  18  1:16  SCV  
  19  1:29  Barracks Reactor, Orbital Command  
  19  1:43  Command Center  
  19  1:54  Supply Depot  
  19  1:55  SCV  
  20  2:05  Marine x2  
  20  2:08  SCV  
  23  2:12  Factory  
  23  2:20  SCV  
  24  2:23  Marine x2  
  24  2:27  Refinery  
  26  2:33  SCV  
  27  2:40  Marine x2  
  29  2:45  SCV  
  30  2:58  Starport  
  30  3:00  Factory Tech Lab  
  30  3:03  Marine x2  
  30  3:04  SCV  
  33  3:06  Orbital Command  
  33  3:16  Bunker  
  33  3:17  SCV  
  34  3:24  Siege Tank  
  37  3:27  Marine x2  
  37  3:32  SCV  
  37  3:33  SCV  
  41  3:39  Supply Depot, Medivac  
  43  3:44  SCV  
  44  3:50  Marine  
  44  3:51  Marine  
  44  3:55  Bunker  
  46  4:01  SCV, Siege Tank  
  50  4:03  Supply Depot, SCV  
  50  4:08  Supply Depot  
  50  4:13  SCV  
  50  4:16  Medivac  
  53  4:18  SCV  
  53  4:25  SCV  
  54  4:31  SCV  
  54  4:34  Command Center  
  54  4:37  SCV  
  56  4:44  SCV  
  56  4:46  Barracks x2  
  56  4:47  Marine  
  56  4:49  SCV  
  56  4:50  Viking  
  60  4:56  SCV  
  61  5:00  Marine  
  61  5:02  SCV  
  61  5:04  Marine  
  64  5:10  SCV  
  64  5:11  Supply Depot  
  64  5:12  Supply Depot  
  64  5:13  Factory Reactor  
  65  5:15  SCV  
  65  5:20  Engineering Bay  
  66  5:27  SCV  
  67  5:28  Marine x2  
  67  5:34  Supply Depot, Engineering Bay  
  69  5:37  Stimpack  
  69  5:39  Marine  
  69  5:40  Supply Depot  
  69  5:41  Barracks Reactor  
  70  5:43  SCV  
  70  5:44  SCV  
  70  5:46  Refinery, Marine  
  70  5:47  Refinery  
  70  5:48  Marine  
  74  5:50  Orbital Command  
  74  5:52  Starport Reactor  
  74  5:56  Widow Mine x2  
  78  5:58  SCV x2  
  80  6:05  Engineering Bay x2  
  80  6:09  Marauder, Marine x2  
  84  6:12  SCV  
  84  6:16  SCV  
  84  6:18  Marine x2  
  89  6:19  Orbital Command  
  89  6:24  SCV  
  89  6:26  Marine, Widow Mine  
  89  6:27  Marine, Widow Mine  
  89  6:28  SCV  
  89  6:32  Terran Infantry Weapons Level 1, Terran Infantry Armor Level 1  
  96  6:36  Medivac x2  
  96  6:37  Marine x3  
  96  6:39  SCV  
  104  6:50  SCV x2  
  104  6:52  Barracks x2  
  104  6:53  Marine x2  
  108  6:57  SCV  
  109  7:02  SCV, Missile Turret, Marine  
  109  7:03  Marauder, Marine  
  114  7:09  SCV  
  114  7:13  Medivac  
  117  7:18  Armory, Supply Depot  
  117  7:20  Missile Turret  
  117  7:30  Supply Depot  
  117  7:35  Supply Depot  
  117  7:36  Supply Depot  
  117  7:39  Marine  
  117  7:40  SCV x2, Marauder, Medivac  
  117  7:41  Barracks Tech Lab, Marine  
  117  7:42  Barracks Reactor  
  125  7:46  Liberator  
  125  7:48  Combat Shields, Orbital Command  
  125  7:51  Marine x2  
  125  7:52  Liberator  
  125  7:57  Marine  
  118  7:58  Marine  
  118  8:01  Marauder x2, Widow Mine x2  
  124  8:09  Marine x2  
  126  8:23  Marauder  
  126  8:24  Supply Depot x2  
  126  8:25  Supply Depot  
  126  8:26  Armory  
  125  8:32  Marauder, Marine x2  
  125  8:34  Liberator  
  129  8:35  Liberator  
  129  8:37  SCV  
  129  8:38  SCV  
  131  8:44  SCV  
  131  8:48  Concussive Shells, Marauder  
  132  8:50  SCV  
  137  8:57  SCV x2  
  137  9:02  SCV  
  136  9:20  SCV  
  136  9:21  SCV x2  
  136  9:23  Marine x2  
  141  9:24  Marine x2  
  141  9:29  Marine  
  144  9:33  SCV  
  142  9:40  SCV  
  142  9:41  SCV  
  142  9:44  Marine x2  
  142  9:45  Marauder  
  145  9:48  SCV  
  145  9:49  Missile Turret  
  145  9:52  Marauder, Marine  
  149  9:53  Command Center, SCV, Liberator  
  149  9:55  Marine x2, Liberator  
  152  10:04  Marine x2  
  152  10:05  SCV, Marine  
  152  10:06  Marauder  
  156  10:16  Orbital Command  
  156  10:20  Marine  
  156  10:21  Marauder, Marine  
  157  10:24  SCV  
  153  10:28  Marine x2  
  153  10:32  Widow Mine x2  
  153  10:34  Marine x2  
  148  10:46  Marine x2  
  148  10:47  Marauder  
  149  10:54  Sensor Tower  
  152  11:07  Supply Depot x2  
  152  11:08  Supply Depot  
Show
View Real Time Build Order
Export as new Build Order

Plurmorant Zerg 

Build Orders: Hatch First 

Get SALT Encoding   

  12  0:00  Drone  
  13  0:13  Overlord  
  13  0:17  Drone  
  14  0:25  Drone, Extractor  
  15  0:31  Drone  
  15  0:35  Drone  
  17  0:53  Hatchery  
  16  1:06  Spawning Pool  
  16  1:10  Drone  
  16  1:12  Drone  
  16  1:16  Extractor  
  16  1:17  Drone  
  17  1:21  Drone  
  18  1:31  Drone  
  19  1:42  Overlord  
  19  1:53  Zergling x2, Queen  
  22  2:04  Drone  
  22  2:06  Drone  
  22  2:08  Queen  
  24  2:14  Drone  
  27  2:16  Drone  
  28  2:25  Roach Warren  
  28  2:26  Drone  
  28  2:28  Drone  
  29  2:35  Queen  
  29  2:37  Drone  
  32  2:40  Drone  
  33  2:47  Overlord  
  33  2:50  Drone  
  34  3:03  Drone  
  35  3:06  Drone  
  35  3:10  Hatchery  
  35  3:11  Drone  
  35  3:12  Drone  
  37  3:18  Drone x2  
  39  3:23  Overlord  
  39  3:27  Overlord, Roach  
  39  3:33  Overlord  
  41  3:37  Overlord  
  41  3:43  Overlord  
  41  3:44  Roach  
  41  3:45  Roach  
  45  3:49  Roach  
  45  3:51  Roach  
  45  3:54  Roach  
  51  3:59  Roach  
  51  4:00  Roach  
  51  4:02  Roach  
  57  4:05  Roach  
  57  4:07  Roach  
  57  4:09  Roach  
  62  4:14  Roach  
  62  4:15  Roach  
  66  4:19  Roach  
  66  4:20  Roach  
  70  4:27  Extractor  
  70  4:28  Drone x2, Extractor  
  70  4:29  Drone  
  71  4:31  Drone  
  71  4:36  Drone  
  71  4:37  Drone  
  74  4:41  Queen  
  74  4:44  Drone  
  77  4:46  Lair  
  77  4:59  Drone x2  
  77  5:00  Overlord  
  77  5:02  Overlord  
  77  5:05  Drone x2  
  77  5:06  Overlord  
  79  5:09  Drone  
  79  5:11  Overlord  
  80  5:14  Overlord  
  78  5:23  Drone x2  
  78  5:26  Roach x3  
  84  5:31  Drone x2  
  84  5:32  Drone x2  
  84  5:33  Overlord  
  84  5:35  Drone x3  
  90  5:40  Drone x2  
  93  5:43  Glial Reconstitution  
  93  5:44  Roach  
  93  5:47  Roach  
  93  5:49  Roach  
  99  5:56  Roach x2  
  105  5:57  Roach  
  105  6:00  Roach  
  105  6:01  Extractor  
  105  6:03  Roach  
  108  6:09  Roach x2  
  112  6:13  Roach, Extractor  
  112  6:14  Drone x3  
  116  6:18  Overlord  
  116  6:19  Roach  
  116  6:20  Roach  
  116  6:25  Overlord  
  120  6:33  Overlord  
  120  6:35  Overlord x3  
  116  6:41  Overlord  
  116  6:42  Overlord  
  116  6:43  Overlord  
  114  6:51  Roach  
  114  6:53  Roach  
  118  6:56  Overlord  
  118  6:58  Roach x4  
  118  7:00  Roach x2  
  134  7:01  Roach x2  
  134  7:02  Roach x2  
  134  7:03  Roach  
  134  7:07  Overlord  
  134  7:08  Overlord  
  140  7:12  Roach  
  140  7:16  Overlord  
  140  7:22  Tunneling Claws  
  140  7:26  Burrow  
  140  7:34  Roach x2  
  140  7:35  Roach x3  
  145  7:39  Roach x2  
  145  7:43  Roach x2  
  147  7:46  Roach  
  147  7:48  Roach  
  147  7:50  Roach  
  150  7:57  Roach x3  
  155  8:01  Roach  
  144  8:08  Roach x2  
  142  8:17  Queen  
  142  8:18  Drone  
  145  8:20  Drone  
  145  8:25  Drone x2  
  148  8:29  Overseer  
  142  8:43  Roach  
  142  8:49  Roach  
  142  8:55  Roach  
  146  9:00  Roach  
  147  9:06  Drone  
  147  9:07  Drone  
  150  9:10  Drone  
  150  9:26  Roach x15  
  150  9:28  Roach  
  118  9:46  Roach  
  118  9:47  Roach x5  
  118  9:48  Ravager x5  
  118  9:49  Ravager x2  
  118  9:50  Roach  
  133  9:53  Roach  
  133  9:56  Overlord  
  135  10:01  Roach  
  135  10:03  Roach  
  133  10:08  Roach  
  133  10:11  Roach  
  137  10:15  Roach  
  137  10:19  Roach  
  141  10:28  Roach x2  
  139  10:32  Roach  
  128  10:37  Roach  
  130  10:44  Roach  
  127  10:52  Roach x2  
  125  10:57  Roach x2  
Tags
 
Add a new tag
Caveats
  • Supply blocks, unpowered buildings, or Contaminate may cause inaccurate times.
  • Supply counts are checked every 10 seconds.